 Seeded DCSS version 0.30-a0-956-gcec3b41aec (webtiles) character file.

Game seed: 3125986916090331667 (custom seed)

23 Parcival the Sneak (level 3, -3/22 HPs)
             Began as a Kobold Brigand on Mar 29, 2023.
             Frozen to death by an endoplasm (4 damage)
             ... on level 1 of the Dungeon.
             The game lasted 00:01:42 (473 turns).

Parcival the Sneak (Kobold Brigand)                  Turns: 473, Time: 00:01:42

Health: -3/22      AC:  3    Str:  8    XL:     3   Next: 12%
Magic:  3/3        EV: 18    Int: 12    God:
Gold:   36         SH:  0    Dex: 18    Spells: 2/2 levels left

rFire   . . .      SeeInvis .    f - +7 Spriggan's Knife {stab, EV+4 Stlth+}
rCold   . . .      Faith    .    (no shield)
rNeg    . . .      Spirit   .    b - +0 robe
rPois   .          Reflect  .    (no helmet)
rElec   .          Rampage  .    c - +0 cloak
rCorr   .                        (no gloves)
Will    .....                    (no boots)
Stlth   +++++                    (no amulet)
HPRegen 0.23/turn                (no ring)
MPRegen 0.08/turn                (no ring)

@: no status effects
A: small, no large weapons, nightstalker 3
a: no special abilities


You were on level 1 of the Dungeon.
You visited 1 branch of the dungeon, and saw 1 of its levels.

You collected 36 gold pieces.

Inventory:

Hand Weapons
 a - a +2 dagger
 f - the +7 Spriggan's Knife (weapon) {stab, EV+4 Stlth+}
   (You acquired it on level 1 of the Dungeon)

   Stab:      It is more effective when stabbing unaware enemies, sometimes
   treating them as though they were completely helpless.
   EV:        It affects your evasion (+4).
   Stlth:     It makes you more stealthy.
Missiles
 d - 9 poisoned darts (quivered)
 e - 3 curare-tipped darts
Armour
 b - a +0 robe (worn)
 c - a +0 cloak (worn)
Scrolls
 g - a scroll of identify {unknown}
 h - a scroll of brand weapon {unknown}


   Skills:
 + Level 2.5 Fighting
 + Level 3.1 Short Blades
 + Level 2.2 Throwing
 + Level 1.3 Dodging
 + Level 6.1 Stealth


You had 2 spell levels left.
You didn't know any spells.
Your spell library was empty.

Dungeon Overview and Level Annotations

Branches:
Dungeon (1/15)

Altars:


Innate Abilities, Weirdness & Mutations

You are small and have problems with some larger weapons.
You are completely attuned to the shadows.


Message History

The gnoll attacks as you move away! The gnoll barely misses you.
The endoplasm hits you.
Unknown command.
You hit the gnoll.
The gnoll is moderately wounded.
The endoplasm freezes you.
You are frozen.
* * * LOW HITPOINT WARNING * * *
The gnoll misses you.
You hit the gnoll.
The gnoll is moderately wounded.
The endoplasm barely misses you. The gnoll barely misses you.
It was a potion of heal wounds.
You feel much better. The endoplasm barely misses you.
The gnoll hits you with a +0 flail!
Ouch! That really hurt!
* * * LOW HITPOINT WARNING * * *
Okay, then.
You puncture the gnoll!
The gnoll is almost dead.
The endoplasm freezes you.
You are frozen.
* * * LOW HITPOINT WARNING * * *
The gnoll misses you.
You hit the gnoll.
You kill the gnoll!
Your Short Blades skill increases to level 3!
Your Stealth skill increases to level 6!
You have reached level 3!
Your experience leads to an increase in your attributes!
Increase (S)trength, (I)ntelligence, or (D)exterity?
You feel agile. x2
The endoplasm freezes you.
You are frozen.
* * * LOW HITPOINT WARNING * * *
You see here a +0 flail.
You hit the endoplasm.
The endoplasm is severely wounded.
The endoplasm freezes you.
You are frozen.
You die...

##.....#
#......#
#####.#
#......# #.#
#......# #.#
#######.....#
#.# ...
..#.....#
##.##.###.###
.#...#.###.#
.).........#
....@J.#####
.......#
.......#
###.#### ##


You could see an endoplasm.

Vanquished Creatures
  A gnoll (D:1)
  An endoplasm (D:1)
  A hobgoblin (D:1)
  2 kobolds (D:1)
  2 ball pythons (D:1)
  2 bats (D:1)
  4 goblins (D:1)
  2 rats (D:1)
  3 butterflies (D:1)
18 creatures vanquished.

Notes
Turn   | Place    | Note
-------+----------+-------------------------------------------
     0 | D:1      | Parcival the Kobold Brigand began the quest for the Orb.
     0 | D:1      | Reached XP level 1. HP: 12/12 MP: 1/1
    34 | D:1      | Identified a scroll of acquirement
    34 | D:1      | Acquired the +7 Spriggan's Knife {stab, EV+4 Stlth+}
    34 | D:1      | Found the +7 Spriggan's Knife {stab, EV+4 Stlth+}
   110 | D:1      | Reached XP level 2. HP: 18/18 MP: 2/2
   472 | D:1      | Reached skill level 6 in Stealth
   472 | D:1      | Reached XP level 3. HP: 6/22 MP: 3/3
   472 | D:1      | HP: 1/22 [frozen (5)]
   473 | D:1      | Frozen to death by an endoplasm

Illustrated notes

Levels and vault maps discovered:
D:1:      amcnicky_arrival_single_pillar, layout_loops_cross,
          hangedman_glass_garden

Skill      XL: |  1  2 |
---------------+-------+-----
Short Blades   | 3 |  3.1
Stealth        | 6 |  6.1
Fighting       | |  2.5
Throwing       | |  2.2
Dodging        | |  1.3

Action                     || total
---------------------------++-------
  Melee: Knife             ||    25
         Dagger            ||     4
    Use: Scroll            ||     1
         Potion            ||     1
   Stab: Sleeping          ||     6
 Armour: Robe              ||     4
  Dodge: Dodged            ||    32

Table legend: (Time is in decaauts)
 A = Elapsed time spent in this place.
 B = Non-inter-level travel time spent in this place.
 C = Inter-level travel time spent in this place.
 D = Time resting spent in this place.
 E = Time spent auto-exploring this place.
 F = Levels seen in this place.
 G = Mean time per level.
                   A        B        C        D        E       F      G
               +--------+--------+--------+--------+--------+-----+--------+
         Total |    468 |    468 |      0 |      0 |    329 |   1 |  468.0 |
       Dungeon |    468 |    468 |      0 |      0 |    329 |   1 |  468.0 |
               +--------+--------+--------+--------+--------+-----+--------+

Top non-repeatable levels by time:
     D:1: 468 daAuts
